 Dungeon Crawl Stone Soup version 0.21-a0-642-g5d013b2151 (webtiles) character file.

43 NixNut the Poker (level 3, -6/28 HPs)
             Began as a Merfolk Gladiator on Dec 31, 2017.
             Mangled by subsebi's ghost (9 damage)
             ... on level 3 of the Dungeon.
             The game lasted 00:06:47 (1163 turns).

NixNut the Poker (Merfolk Gladiator)                Turns: 1163, Time: 00:06:48

Health: -6/28      AC:  5    Str: 15    XL:     3   Next: 58%
Magic:  3/3        EV: 15    Int:  7    God:
Gold:   92         SH:  0    Dex: 20    Spells: 2/2 levels left

rFire    . . .     SeeInvis .   a - +0 trident
rCold    . . .     Gourm    .   (no shield)
rNeg     . . .     Faith    .   b - +0 leather armour
rPois    .         Spirit   .   c - +0 helmet
rElec    .         Reflect  .   (no cloak)
rCorr    .         Harm     .   u - +0 pair of gloves
MR       .....                  (no boots)
Stlth    ++........             n - amulet of magic regeneration
HPRegen  0.09/turn              e - +5 ring of dexterity
MPRegen  0.33/turn              q - ring of flight

@: no status effects
A: change form in water, swift swim, stealthy swim
a: Evoke Flight


You were on level 3 of the Dungeon.
You were not hungry.

You visited 1 branch of the dungeon, and saw 4 of its levels.

You collected 92 gold pieces.

Inventory:

Hand Weapons
 a - a +0 trident (weapon)
Armour
 b - a +0 leather armour (worn)
 c - a +0 helmet (worn)
 u - a +0 pair of gloves (worn)
Jewellery
 e - a +5 ring of dexterity (left hand)
 n - an amulet of magic regeneration (around neck)
 q - a ring of flight (right hand)
Wands
 s - a wand of flame (18)
Scrolls
 i - 3 scrolls of identify
 j - a scroll of fear {unknown}
 l - a scroll of enchant armour {unknown}
 o - a scroll of remove curse {unknown}
 p - a scroll of random uselessness {unknown}
 r - a scroll of immolation {unknown}
Potions
 g - 2 potions of degeneration {unknown}
 h - a potion of resistance {unknown}
 k - a potion of brilliance {unknown}
 t - 2 potions of might {unknown}
Comestibles
 f - 3 rations
 m - 5 chunks of flesh


   Skills:
 + Level 2.8 Fighting
 + Level 5.0 Polearms
 - Level 2.5 Throwing
 - Level 4.5 Dodging
 * Level 0.3 Evocations


You had 2 spell levels left.
You didn't know any spells.

Dungeon Overview and Level Annotations

Branches:
Dungeon (4/15)
 Temple: D:4-7

Altars:
Sif Muna

Annotations:
D:3 subsebi's ghost, amateur DsCK


Message History

Subsebi's ghost hits you but does no damage.
You see here a club.
You hit subsebi's ghost but do no damage.
Subsebi's ghost hits you but does no damage.
You closely miss subsebi's ghost. Subsebi's ghost closely misses you.
You hit subsebi's ghost.
Subsebi's ghost is lightly damaged.
Subsebi's ghost misses you.
You barely miss subsebi's ghost.
Subsebi's ghost is lightly damaged.
Subsebi's ghost hits you!
* * * LOW HITPOINT WARNING * * *
You hit subsebi's ghost.
Subsebi's ghost is lightly damaged.
Subsebi's ghost hits you.
* * * LOW HITPOINT WARNING * * *
You barely miss subsebi's ghost.
Subsebi's ghost is lightly damaged.
Subsebi's ghost hits you!
You die...

............###...#
...........## ##..# ##
###....## ##.รท###...## #...##
#..<........
###...######...###...#.
#..............#### ##
.....................
#############.#############
#...........#@#...........#
#.####.####.#W#.####.####.#
#.#....#.#....#.#
#.#.####)####.#.#
#.#(..(.......#.#
#########.#############.######
...............................
###...###.##..####.#.........##
#..## #.##..# #...#########


You could see subsebi's ghost.

Vanquished Creatures
  An adder (D:2)
  3 dart slugs
  A leopard gecko (D:3)
  A ball python (D:3)
  2 giant cockroaches (D:3)
  2 goblins
  4 hobgoblins
  3 kobolds
  A quokka (D:2)
  4 bats
  5 rats
27 creatures vanquished.

Notes
Turn   | Place    | Note
-------+----------+-------------------------------------------
     0 | D:1      | NixNut the Merfolk Gladiator began the quest for the Orb.
     0 | D:1      | Reached XP level 1. HP: 16/16 MP: 1/1
   213 | D:1      | Reached XP level 2. HP: 19/23 MP: 2/2
   739 | D:2      | Reached XP level 3. HP: 28/28 MP: 3/3
   906 | D:2      | You fall through a shaft for 2 floors!
   911 | D:4      | Noticed an ogre
   938 | D:3      | Reached skill level 5 in Polearms
  1005 | D:3      | Found a deep blue altar of Sif Muna.
  1115 | D:3      | Noticed subsebi's ghost (amateur DsCK)
  1163 | D:3      | Mangled by subsebi's ghost

Vault maps used:
D:1:      minmay_arrival_four_loops
D:2:      kennysheep_cluttered_room, grunt_qazlal_clouds
D:3:      lemuel_crystal_altar, fountainhead, roderic_lattice_a
D:4:      first_ration

Skill      XL: |  1  2  3 |
---------------+----------+-----
Polearms       | 5 |  5.0
Fighting       | |  2.8
Throwing       | |  2.5
Dodging        | |  4.5
Evocations     | |  0.3

Action                   || total
-------------------------++-------
Melee: Trident           ||    71
Throw: Throwing net      ||     3
  Use: Scroll            ||     1
 Stab: Sleeping          ||     2
  Eat: Chunk             ||     1
Armor: Leather armour    ||    21
Dodge: Dodged            ||    40

Table legend:
 A = Spawn XP
 B = Non-spawn XP
 C = Spawn XP percentage of total XP
 D = Spawn monster count
 E = Non-spawn monster count
 F = Spawn count percentage of total count
 G = Total turns spent on level
                    A         B        C        D         E        F      G
               +---------+---------+-------+---------+---------+-------+---------
         Total |       0 |      62 |   0.0 |       0 |      27 |   0.0 |  1163
               +---------+---------+-------+---------+---------+-------+---------
           D:1 |       0 |      19 |   0.0 |       0 |      10 |   0.0 |   636
           D:2 |       0 |      23 |   0.0 |       0 |       6 |   0.0 |   270
           D:3 |       0 |      20 |   0.0 |       0 |      11 |   0.0 |   234
               +---------+---------+-------+---------+---------+-------+---------
